 Dungeon Crawl Stone Soup version 0.31.0-11-ge490571c62 (webtiles) character file.

Game seed: 11568836991842128037

93717 jasper the Fencer (level 15, -8/93 HPs)
             Began as a Vampire Berserker on Jan 31, 2024.
             Was a High Priest of Trog.
             Mangled by a manticore (12 damage)
             ... on level 15 of the Dungeon.
             The game lasted 00:47:31 (22763 turns).

jasper the Fencer (Vampire Berserker)              Turns: 22763, Time: 00:47:32

Health: -8/93      AC: 22    Str: 16    XL:     15   Next: 61%
Magic:  15/15      EV: 12    Int: 14    God:    Trog [*****.]
Gold:   393        SH:  0    Dex: 26    Spells: 14/14 levels left

rFire   + + .        R - +2 triple sword of Disintegration {flame, rElec}
rCold   + + +        (shield currently unavailable)
rNeg    + + +        P - +2 storm dragon scales
rPois   ∞            (no helmet)
rElec   +            W - +0 cloak of the Albatross {rF+ Will+}
rCorr   .            z - +2 pair of gloves {hurl}
SInv    +            d - +0 pair of boots of Exclusion {Dex+3}
Will    +++++        U - amulet "Ycerovue" {Faith rC+ Regen+}
Stlth   +            g - ring of fire
HPRegen 1.00/turn    i - ring of Eschaqoq {rC+ Will+ Int+3 Dex+3 Slay+2}
MPRegen 0.14/turn

%: faith
@: grasped by roots, strong-willed, spiked, bloodless, regenerating, constricted
A: bloodless, fangs 3, see invisible, vampiric 2
a: Bat Form, Revivify, Renounce Religion, Trog's Hand, Brothers in Arms


You were on level 15 of the Dungeon.
You worshipped Trog.
Trog was extremely pleased with you.
You visited 4 branches of the dungeon, and saw 23 of its levels.
You also visited: Ossuary, Gauntlet and Ice Cave.

You collected 3085 gold pieces.
You spent 2692 gold pieces at shops.

Inventory:

Hand Weapons
 b - a +2 great sword of flaming
 t - a +1 antimagic falchion
 R - the +2 triple sword of Disintegration (weapon) {flame, rElec}
   (Trog gifted it to you in a Gauntlet)

   rElec:     It insulates you from electricity.
Missiles
 c - 199 stones (quivered)
 h - 65 poisoned darts
 C - 3 throwing nets
 G - 12 curare-tipped darts
 K - 4 silver javelins
 O - 22 boomerangs
 S - 10 datura-tipped darts
 Z - 7 javelins
Armour
 a - a +2 cloak
 d - the +0 pair of boots of Exclusion (worn) {Dex+3}
   (You found it on level 5 of the Lair of Beasts)

   Dex+3:     It affects your dexterity (+3).
 z - a +2 pair of gloves of hurling (worn)
 P - +2 storm dragon scales (worn)
 Q - a +2 chain mail of fire resistance
 W - the +0 cloak of the Albatross (worn) {rF+ Will+}
   (You found it in a Gauntlet)

   rF+:       It protects you from fire.
   Will+:     It increases your willpower.
Jewellery
 g - a ring of fire (left hand)
 i - the ring of Eschaqoq (right hand) {rC+ Will+ Int+3 Dex+3 Slay+2}
   (You acquired it on level 1 of the Orcish Mines)

   [ring of willpower]

   Int+3:     It affects your intelligence (+3).
   Dex+3:     It affects your dexterity (+3).
   Slay+2:    It affects your accuracy & damage with ranged weapons and melee
   (+2).
   rC+:       It protects you from cold.
   Will+:     It increases your willpower.
 j - a +5 ring of evasion
 k - a +4 ring of protection
 D - an amulet of the acrobat
 U - the amulet "Ycerovue" (around neck) {Faith rC+ Regen+}
   (You acquired it on level 1 of the Orcish Mines)

   [amulet of faith]

   Faith:     It allows you to gain divine favour quickly.
   rC+:       It protects you from cold.
   Regen+:    It increases your rate of health regeneration.
 Y - the ring "Urrub" {rPois Str+5}
   (You found it in a Gauntlet)

   [ring of poison resistance]

   Str+5:     It affects your strength (+5).
   rPois:     It protects you from poison
Wands
 e - a wand of mindburst (19)
 E - a wand of roots (8)
 H - a wand of paralysis (20)
 I - a wand of flame (27)
 X - a wand of polymorph (4)
Scrolls
 s - 3 scrolls of brand weapon
 u - 9 scrolls of teleportation
 y - 5 scrolls of vulnerability
 B - 3 scrolls of silence
 F - 3 scrolls of enchant weapon
 J - a scroll of blinking
 L - 3 scrolls of fear
 N - 2 scrolls of immolation
 V - 6 scrolls of identify
Potions
 f - 4 potions of resistance
 l - 3 potions of invisibility
 m - 6 potions of curing
 n - 3 potions of brilliance
 o - a potion of attraction
 p - 2 potions of degeneration
 q - 2 potions of ambrosia
 r - 4 potions of enlightenment
 v - 3 potions of lignification
 w - 2 potions of mutation
 A - a potion of magic
 M - 2 potions of cancellation
 T - 4 potions of might


   Skills:
 + Level 10.9 Fighting
 - Level 20.0 Long Blades
 - Level 5.0 Throwing
 + Level 9.6 Armour
 + Level 12.4 Dodging
 - Level 0.1 Stealth


You had 14 spell levels left.
You didn't know any spells.
Your spell library was empty.

Dungeon Overview and Level Annotations

Branches:
Dungeon (15/15)            Temple (1/1) D:4            Lair (5/5) D:11
  Swamp (0/4) Lair:3        Snake (0/4) Lair:2        Slime (0/5) Lair:5
    Orc (2/2) D:12            Elf (0/3) Orc:2        Vaults (0/5) D:13
Ossuary (visited)           IceCv (visited)         Gauntlet (visited)
 Depths: D:15

Altars:
Ashenzari
Cheibriados
Dithmenos
Fedhas
Gozag
Hepliaklqana
Kikubaaqudgha
Makhleb
Nemelex Xobeh
Okawaru
Qazlal
Ru
Sif Muna
Trog
Uskayaw
Vehumet
Wu Jian
Xom
Yredelemnul
Jiyva

Shops:
D:8 *   Orc:1 ?   Orc:2 ![([

Annotations:
D:3 2 transporters
D:7 Jeremiah
D:15 Jorgrun
Lair:1 2 transporters, 3 runed translucent doors, bakla's ghost, journeyman GnCA
Lair:3 1 runed translucent door
Lair:5 exclusion: oklob plant


Innate Abilities, Weirdness & Mutations

You do not regenerate when monsters are visible.
You are frail without blood (-20% HP).
You can heal yourself when you bite living creatures.
You are immune to poison.
You have razor-sharp teeth.
You have supernaturally acute eyesight. (SInv)
You are afflicted with vampirism and can become a bat while bloodless.


Message History

You feel strong-willed. Jorgrun hits you with a staff of earth.
You slice Jorgrun!! You burn Jorgrun!
Jorgrun is moderately wounded.
The manticore flicks its tail.
The volley of spikes skewers you!
The barbed spikes become lodged in your body.
Jorgrun hits you but does no damage. The ground beneath you fractures!
You slash Jorgrun! You burn Jorgrun.
Jorgrun is heavily wounded.
Jorgrun points at you and mumbles some strange words.
Roots burst forth from the earth!
The grasping roots grab you! The grasping roots constrict you!
You slash Jorgrun! You burn Jorgrun.
Jorgrun is heavily wounded.
You barely miss Jorgrun. You bite Jorgrun.
You draw Jorgrun's blood!
You feel better.
Jorgrun is heavily wounded.
Jorgrun says, "I've ne'er se'n tha particular type o' rock formation 'fore."
Jorgrun hits you with a staff of earth! The grasping roots constrict you!
You miss Jorgrun. You bite Jorgrun, but do no damage.
Jorgrun is heavily wounded.
Jorgrun hits you but does no damage. The ground beneath you fractures!!
* * * LOW HITPOINT WARNING * * *
The grasping roots constrict you.
You feel much better.
The manticore bites you but does no damage.
The manticore claws you but does no damage.
The manticore misses you. Jorgrun completely misses you.
The grasping roots constrict you.
* * * LOW HITPOINT WARNING * * *
You closely miss Jorgrun.
Jorgrun is heavily wounded.
Jorgrun hits you with a staff of earth.
* * * LOW HITPOINT WARNING * * *
The grasping roots constrict you!
* * * LOW HITPOINT WARNING * * *
The manticore bites you!
You die...

##.# .......... #...
#........# #..#
#........# #..#
#........# #..# .
####........# ####.)#
..##...........####......
........H......+.........
..##....@g.....###.......
...............# #.......
.........####### #.......
..##.....# #....... .
####..## #....... #...###
#....... ##....# #.......
###.##.######.......
#...................


You could see Jorgrun and a manticore.

Vanquished Creatures
  Rupert (D:14)
  A sphinx (D:13)
  Kirke (Lair:4)
  A tengu reaver (D:13)
  A fire giant (D:13)
  A frost giant (D:13)
  2 orc warlords
  Louise (D:14)
  A reaper (Gauntlet)
  A stone giant (D:13)
  An ettin (D:13)
  A fire dragon (Lair:5)
  Harold (D:10)
  Josephine (D:14)
  5 hydras
  An ice dragon (D:13)
  An ogre mage (D:13)
  4 centaur warriors (D:13)
  2 boulder beetles
  Erica (D:10)
  A two-headed ogre (D:13)
  2 tengu warriors (D:13)
  6 death yaks
  Urug (Lair:4)
  2 deep troll earth magi (D:13)
  An orc high priest (Orc:2)
  A death scarab (Gauntlet)
  Sonja (Lair:4)
  A shadow wraith (D:13)
  A fire crab (shapeshifter) (D:13)
  7 skeletal warriors
  A skyshark (Lair:5)
  A deep elf archer (D:13)
  2 lindwurms (Lair:5)
  2 necromancers (D:13)
  2 orc knights
  A phantasmal warrior (D:13)
  2 deep elf pyromancers
  3 manticores
  2 ugly things
  3 orc sorcerers
  An oklob plant (Gauntlet)
  6 elephants (Lair:5)
  5 cyclopes
  A meliai (shapeshifter) (D:15)
  A meliai (D:13)
  2 kobold blastminers (Orc:2)
  7 black mambas
  Joseph (D:8)
  2 gargoyles
  7 torpor snails
  9 cane toads
  An unseen horror (shapeshifter) (D:13)
  3 kobold demonologists
  An unseen horror (D:10)
  2 efreet (D:14)
  4 rime drakes
  7 komodo dragons
  9 trolls
  11 hornets
  A troll (shapeshifter) (D:13)
  5 polar bears
  A hellwing (Gauntlet)
  3 tyrant leeches (Lair:5)
  A wolf spider simulacrum (D:13)
  13 blink frogs
  2 vampires
  A centaur simulacrum (D:12)
  6 slime creatures (D:12)
  A shadow (D:10)
  A wyvern (D:9)
  5 wraiths
  29 yaks
  2 basilisks
  A spectral komodo dragon (Gauntlet)
  4 wargs
  2 hogs (Lair:4)
  A steam dragon (D:8)
  11 vampire mosquitoes
  Menkaure (D:5)
  A naga (Lair:2)
  A swamp worm (Lair:3)
  Edmund (D:5)
  2 acid dragons
  Duvessa (D:4)
  A water moccasin (shapeshifter) (D:14)
  21 water moccasins
  40 orc warriors
  An ice beast (D:12)
  A sky beast (D:8)
  6 black bears
  3 boggarts (D:14)
  10 wolves
  9 centaurs
  4 ogres
  2 phantoms
  10 kobold brigands
  9 bullfrogs
  2 scorpions
  Dowan (D:4)
  An elephant simulacrum (IceCv)
  8 killer bees
  3 electric eels
  3 howler monkeys
  4 hounds
  2 human zombies (Ossuary)
  2 centaur zombies (Ossuary)
  3 jellies (D:6)
  A gnoll bouda (D:6)
  23 orc priests
  A sleepcap (D:6)
  3 iguanas
  24 orc wizards
  A polar bear simulacrum (IceCv)
  2 wolf simulacra (IceCv)
  A human simulacrum (D:9)
  4 hound zombies (Ossuary)
  2 boggart simulacra
  2 mummies (Ossuary)
  8 gnolls
  8 adders
  3 white imps
  An ufetubus (D:12)
  9 adder zombies (Ossuary)
  A ribbon worm (D:5)
  95 orcs
  7 endoplasms
  2 giant cockroaches
  3 gnoll zombies (Ossuary)
  3 hobgoblins
  2 jackals (D:2)
  3 quokkas
  7 ball pythons
  6 bats
  3 frilled lizards (D:1)
  7 goblins
  5 jackal zombies (Ossuary)
  31 kobolds
  7 kobold zombies (Ossuary)
  4 orc zombies (Ossuary)
  6 rats
680 creatures vanquished.

Vanquished Creatures (collateral kills)
  A minotaur (Gauntlet)
  A yak (shapeshifter) (D:14)
  3 wraiths (D:14)
5 creatures vanquished.

Vanquished Creatures (others)
  A human (Lair:4)
  A bullfrog (D:7)
  A human simulacrum (D:9)
  A kobold (D:11)
4 creatures vanquished.

Grand Total: 689 creatures vanquished

Notes
Turn   | Place    | Note
-------+----------+-------------------------------------------
     0 | D:1      | jasper the Vampire Berserker began the quest for the Orb.
     0 | D:1      | Reached XP level 1. HP: 17/17 MP: 1/1
   398 | D:1      | Reached XP level 2. HP: 17/23 MP: 2/2
   434 | D:1      | Found a faded altar of an unknown god.
   834 | D:2      | Reached skill level 4 in Long Blades
  1022 | D:2      | Gained mutation: You are afflicted with vampirism and can
                  | become a bat while bloodless. [Vampire growth]
  1022 | D:2      | Reached XP level 3. HP: 28/28 MP: 3/3
  1132 | D:2      | Reached ** piety under Trog
  1498 | D:3      | Found a transporter.
  1533 | D:3      | Noticed a scorpion
  1538 | D:3      | Found a transporter.
  1545 | D:3      | Found a sparkling altar of Nemelex Xobeh.
  1592 | D:3      | Found a shimmering blue altar of Sif Muna.
  1944 | D:3      | You fall into a shaft and drop 3 floors!
  1974 | D:5      | Entered Level 5 of the Dungeon
  1981 | D:5      | Reached skill level 5 in Long Blades
  1981 | D:5      | Reached XP level 4. HP: 34/34 MP: 4/4
  2080 | D:5      | Noticed a black bear
  2090 | D:5      | Killed a black bear
  2091 | D:5      | Reached skill level 6 in Long Blades
  2091 | D:5      | Reached XP level 5. HP: 39/39 MP: 5/5
  2278 | D:4      | Reached XP level 6. HP: 37/46 MP: 6/6
  2308 | D:4      | Reached skill level 7 in Long Blades
  2405 | D:4      | Found a staircase to the Ecumenical Temple.
  2420 | D:4      | Noticed Dowan
  2421 | D:4      | Noticed Duvessa
  2433 | D:4      | Killed Duvessa
  2434 | D:4      | Reached XP level 7. HP: 52/52 MP: 5/7
  2438 | D:4      | Killed Dowan
  2661 | D:4      | Found a sand-covered staircase.
  2666 | Ossuary  | Entered an ossuary
  2865 | Ossuary  | Reached *** piety under Trog
  3446 | D:3      | Found a bloodstained altar of Trog.
  3763 | D:4      | Reached XP level 8. HP: 61/61 MP: 8/8
  3789 | Temple   | Entered the Ecumenical Temple
  3949 | D:5      | Noticed Edmund
  3957 | D:5      | Killed Edmund
  4101 | D:5      | Noticed Menkaure
  4110 | D:5      | Killed Menkaure
  4111 | D:5      | Reached skill level 5 in Dodging
  4262 | D:5      | Reached skill level 5 in Fighting
  4778 | D:6      | Found an iron altar of Okawaru.
  5196 | D:6      | Reached XP level 9. HP: 69/69 MP: 9/9
  5917 | D:7      | Reached **** piety under Trog
  5974 | D:7      | Reached skill level 8 in Long Blades
  6215 | D:7      | Noticed Jeremiah
  6391 | D:8      | Found a stormy altar of Qazlal.
  6455 | D:8      | Reached skill level 9 in Long Blades
  6771 | D:8      | Reached skill level 10 in Long Blades
  7123 | D:8      | Found Luinor's Serpentskin Sales.
  7130 | D:8      | Bought 4 curare-tipped darts for 48 gold pieces
  7209 | D:8      | Noticed Joseph
  7221 | D:8      | Killed Joseph
  7222 | D:8      | Reached skill level 11 in Long Blades
  7222 | D:8      | Reached XP level 10. HP: 75/76 MP: 10/10
  7967 | D:9      | Found an opulent altar of Gozag.
  8044 | D:9      | Reached skill level 12 in Long Blades
  8155 | D:9      | Found a shadowy altar of Dithmenos.
  8510 | D:10     | Entered Level 10 of the Dungeon
  9181 | D:10     | Reached skill level 13 in Long Blades
  9223 | D:10     | Found an ornate altar of the Wu Jian Council.
  9723 | D:11     | Noticed a cyclops
  9736 | D:11     | Killed a cyclops
  9742 | D:11     | Found a frozen archway.
  9757 | IceCv    | Entered an ice cave
  9779 | IceCv    | HP: 3/76 [elephant simulacrum (10)]
  9894 | D:11     | Noticed Harold
  9897 | D:11     | Noticed a gargoyle
  9948 | D:11     | Noticed a sun demon
  9987 | D:10     | Reached skill level 14 in Long Blades
  9987 | D:10     | Reached skill level 5 in Armour
  9987 | D:10     | Reached XP level 11. HP: 81/81 MP: 11/11
 10569 | D:10     | Killed Harold
 10625 | D:11     | Noticed Erica
 10785 | D:10     | Killed Erica
 11127 | D:11     | Found a staircase to the Lair.
 11289 | D:11     | Found a stormy altar of Qazlal.
 11391 | Lair:1   | Entered Level 1 of the Lair of Beasts
 11460 | Lair:1   | Found a transporter.
 11622 | Lair:1   | Found a runed translucent gate.
 11622 | Lair:1   | Found a runed translucent gate.
 11625 | Lair:1   | Noticed a glowing orange brain
 11626 | Lair:1   | Found a runed translucent gate.
 11627 | Lair:1   | Noticed bakla's ghost (journeyman GnCA)
 11845 | Lair:1   | Found a transporter.
 12079 | Lair:1   | Found a viscous altar of Jiyva.
 12422 | Lair:2   | Reached XP level 12. HP: 69/92 MP: 12/12
 12444 | Lair:2   | Found a staircase to the Snake Pit.
 13330 | Lair:3   | Reached ***** piety under Trog
 13334 | Lair:3   | Reached skill level 10 in Dodging
 13670 | Lair:3   | Found a staircase to the Swamp.
 13755 | Lair:3   | Found a runed translucent door.
 14075 | Lair:4   | Noticed a six-headed hydra
 14088 | Lair:4   | Killed a one-headed hydra
 14099 | Lair:4   | Noticed Kirke
 14137 | Lair:4   | Killed Kirke
 14424 | Lair:4   | Noticed a six-headed hydra
 14434 | Lair:4   | Killed a one-headed hydra
 14472 | Lair:4   | Noticed Urug
 14472 | Lair:4   | Noticed a five-headed hydra
 14513 | Lair:4   | Killed Urug
 14590 | Lair:4   | Killed a one-headed hydra
 14655 | Lair:4   | Noticed Sonja
 14871 | Lair:4   | Killed Sonja
 15381 | Lair:5   | Entered Level 5 of the Lair of Beasts
 15396 | Lair:5   | Noticed a death yak
 15396 | Lair:5   | Noticed a death yak
 15396 | Lair:5   | Noticed a death yak
 15398 | Lair:5   | Noticed a death yak
 15422 | Lair:5   | Noticed a death yak
 15434 | Lair:5   | Killed a death yak
 15435 | Lair:5   | Reached XP level 13. HP: 66/103 MP: 13/13
 15442 | Lair:5   | Reached skill level 10 in Fighting
 15778 | Lair:5   | Received a gift from Trog
 16117 | Lair:5   | Found a viscous altar of Jiyva.
 16117 | Lair:5   | Identified the +0 pair of boots of Exclusion {Dex+3}
 16124 | Lair:5   | Found a staircase to the Slime Pits.
 16271 | Lair:5   | Reached skill level 15 in Long Blades
 16372 | Lair:5   | Noticed a fire dragon
 16389 | Lair:5   | Killed a fire dragon
 16712 | Lair:5   | Reached XP level 14. HP: 103/111 MP: 14/14
 17293 | D:12     | Reached skill level 16 in Long Blades
 17770 | D:12     | Found a staircase to the Orcish Mines.
 18151 | Orc:1    | Entered Level 1 of the Orcish Mines
 18265 | Orc:1    | Noticed an orc warlord
 18287 | Orc:1    | Killed an orc warlord
 18338 | Orc:1    | Reached skill level 17 in Long Blades
 18936 | Orc:1    | Found Buiruora's Magic Scroll Boutique.
 18941 | Orc:1    | Bought a scroll of acquirement for 780 gold pieces
 18941 | Orc:1    | Bought a scroll of acquirement for 780 gold pieces
 18941 | Orc:1    | Bought a scroll of teleportation for 45 gold pieces
 18941 | Orc:1    | Bought a scroll of teleportation for 45 gold pieces
 18941 | Orc:1    | Bought a scroll of enchant armour for 112 gold pieces
 18941 | Orc:1    | Bought a scroll of fear for 60 gold pieces
 18941 | Orc:1    | Acquired the amulet "Ycerovue" {Faith rC+ Regen+}
 18953 | Orc:1    | Acquired the ring of Eschaqoq {rC+ Will+ Int+3 Dex+3
                  | Slay+2}
 19024 | Orc:2    | Entered Level 2 of the Orcish Mines
 19209 | Orc:2    | Found a staircase to the Elven Halls.
 19426 | Orc:2    | Received a gift from Trog
 19593 | Orc:2    | Noticed an orc warlord
 19629 | Orc:2    | Killed an orc warlord
 19658 | Orc:2    | Found Meimevvi's Antique Armour Shoppe.
 19661 | Orc:2    | Found Niasu's Antique Weapon Emporium.
 19672 | Orc:2    | Bought a translucent scale mail for 225 gold pieces
 19672 | Orc:2    | Identified the +0 scale mail of Eqiradwy {Regen+ Int-3
                  | Slay+3} (You bought it in a shop on level 2 of the Orcish
                  | Mines)
 19713 | Orc:2    | Found Coph's Antique Armour Shop.
 19741 | Orc:2    | Bought a pair of embroidered boots for 165 gold pieces
 19773 | Orc:2    | Reached skill level 18 in Long Blades
 19930 | Orc:2    | Found Lashitaa's Distillery.
 19943 | Orc:2    | Bought a potion of might for 48 gold pieces
 19943 | Orc:2    | Bought a potion of invisibility for 96 gold pieces
 19943 | Orc:2    | Bought a potion of curing for 36 gold pieces
 19943 | Orc:2    | Bought a potion of resistance for 120 gold pieces
 19943 | Orc:2    | Bought a potion of invisibility for 96 gold pieces
 19943 | Orc:2    | Bought a potion of lignification for 36 gold pieces
 20275 | D:13     | Reached ****** piety under Trog
 20342 | D:13     | Identified the +4 scale mail of the Crypt {rElec rN+
                  | Stlth+}
 20399 | D:13     | Received a gift from Trog
 20542 | D:13     | Noticed a fire giant
 20562 | D:13     | Killed a fire giant
 20563 | D:13     | Reached skill level 19 in Long Blades
 20625 | D:13     | Noticed a tengu reaver
 20635 | D:13     | Killed a tengu reaver
 20770 | D:13     | Reached XP level 15. HP: 117/117 MP: 15/15
 20946 | D:13     | Noticed a sphinx
 20955 | D:13     | Killed a sphinx
 20957 | D:13     | Noticed a frost giant
 20973 | D:13     | Killed a frost giant
 20974 | D:13     | HP: 3/175 [stone giant (22)]
 21049 | D:13     | Identified the +9 shortbow of Lies {antimagic, ^Drain rPois
                  | Will+}
 21467 | D:13     | Found a gate to the Vaults.
 21527 | D:13     | Reached skill level 20 in Long Blades
 21590 | D:14     | Reached skill level 1 in Throwing
 21591 | D:14     | Noticed Josephine
 21602 | D:14     | Killed Josephine
 21605 | D:14     | Noticed Louise
 21628 | D:14     | Killed Louise
 21712 | D:14     | Found a gate leading to a gauntlet.
 21726 | D:14     | Noticed Rupert
 21732 | Gauntlet | Entered a Gauntlet
 21732 | Gauntlet | Found a transporter.
 21732 | Gauntlet | Found a transporter.
 21732 | Gauntlet | Found a transporter.
 21743 | Gauntlet | Found a runed translucent door.
 21746 | Gauntlet | Found a transporter.
 21747 | Gauntlet | Found a transporter.
 21755 | Gauntlet | Found a transporter.
 21759 | Gauntlet | Found a transporter.
 21766 | Gauntlet | Found a transporter.
 21784 | Gauntlet | Found a transporter.
 21801 | Gauntlet | Found a transporter.
 21804 | Gauntlet | Found a transporter.
 21814 | Gauntlet | Found a transporter.
 21946 | Gauntlet | Identified the +2 triple sword of Disintegration {flame,
                  | rElec} (Trog gifted it to you in a Gauntlet)
 21946 | Gauntlet | Received a gift from Trog
 21995 | Gauntlet | Identified the +0 cloak of the Albatross {rF+ Will+}
 22060 | Gauntlet | Identified the +7 orcbow of Mourning {speed, rPois rC+}
 22076 | Gauntlet | Identified the ring "Urrub" {rPois Str+5}
 22080 | Gauntlet | Identified the +4 scale mail "Ocom" {rF+ Regen+}
 22222 | D:14     | Paralysed by Rupert for 3 turns
 22239 | D:14     | Killed Rupert
 22240 | D:14     | Reached skill level 5 in Throwing
 22565 | D:15     | Entered Level 15 of the Dungeon
 22600 | D:15     | Found a broken altar of Ashenzari.
 22751 | D:15     | Noticed Jorgrun
 22761 | D:15     | HP: 2/93 [Jorgrun/staff of earth (28)]
 22763 | D:15     | Mangled by a manticore

Illustrated notes

Levels and vault maps discovered:
D:1:      minmay_arrival_nine_rooms, layout_loops_ring,
          shapermc_ecumenical_altar_venn
D:2:      layout_loops_ring
D:3:      layout_basic, gammafunk_temple_overflow_arena,
          mainiacjoe_overflow_alcove_4, mainiacjoe_overflow_tiny_flanked,
          serial_forest, infiniplex_forest_clump_small,
          infiniplex_forest_clump_small, infiniplex_forest_end_2,
          infiniplex_forest_straight_2, infiniplex_forest_straight_2,
          infiniplex_forest_clump_double, infiniplex_forest_clump_small,
          infiniplex_forest_straight_5
D:4:      layout_basic, minmay_temple_entry_large_hall, enter_ossuary_2,
          uniq_duvessa
D:5:      layout_basic, hex_tiny, uniq_menkaure, uniq_edmund
D:6:      layout_basic, okawaru_metal_pillars_1_2
D:7:      layout_gridville, kennysheep_generic_room_2, uniq_maggie,
          uniq_jeremiah
D:8:      layout_cave_pods, zin_treasury, mainiacjoe_overflow_cross_hatched,
          guppyfry_shop_venom, uniq_joseph
D:9:      layout_cave_pools, grunt_gozag_breadcrumbs,
          mainiacjoe_overflow_24_doors, bh_circular_ruins
D:10:     layout_stronghold, pdpol_wu_jian_five_deadly_venoms,
          mainiacjoe_overflow_catwalk
D:11:     layout_cave_pools, due_lair_maze_entry_diamond, special_room
          [special_room_orc], portal_ice_cave_rime,
          nicolae_qazlal_eye_of_the_storm, uniq_erica, uniq_harold
D:12:     layout_cave_pools, orc_0_dummy, serial_ice, serial_ice_i,
          serial_ice_d, serial_ice_n, serial_ice_b
D:13:     minmay_bad_star, layout_basic, david_vaults_4, minmay_diamond_spiral
D:14:     layout_big_octagon, gauntlet_entry_generic,
          minmay_misc_feat_four_crosses, uniq_rupert, uniq_josephine,
          uniq_louise
D:15:     gammafunk_depths_entry_grave, layout_basic,
          cheibrodos_ashenzari_chains, uniq_jorgrun
Temple:   minmay_temple_forest_path
Lair:1:   gammafunk_worm_tunnel, layout_gridlike, gammafunk_ghost_ooze
Lair:2:   layout_misc_corridors, guppyfry_snake_entry_island, st_stairs_11,
          chequers_serial_rivers_micro_b, cheibrodos_lair_lostbears,
          infiniplex_staircase_pool_2
Lair:3:   gammafunk_mikee_crab_dinner, layout_regular_city,
          nicolae_swamp_entry_splash_gauntlet
Lair:4:   layout_hall_layers, uniq_kirke, uniq_urug, uniq_sonja
Lair:5:   wormcave, layout_small_grid, slime_entry_1,
          eino_small_chamber_without_monster, grunt_megastairs_1
Orc:1:    minmay_goldmine, layout_diamond_mine, serial_shops, shop, shop
Orc:2:    grunt_orc_community_town_hall, layout_caves,
          grunt_orc_community_big_house_1, grunt_orc_community_big_house_2,
          grunt_orc_community_house_2, grunt_orc_community_house_1,
          grunt_orc_community_house_1, grunt_orc_community_house_3,
          grunt_orc_community_house_1, basic_altar

Skill      XL: |  1  2  3  4  5  6  7  8  9 10 11 12 13 14 15 |
---------------+----------------------------------------------+-----
Long Blades    | 4 5 6 7 11 14 15 19 20 | 20.0
Fighting       | 3 4 5 6 8 9 10 | 10.9
Armour         | 2 3 4 5 7 8 9 |  9.6
Dodging        | 3 4 6 9 11 12 | 12.4
Throwing       | 5 |  5.0
Stealth        | |  0.1

Action                     |  1- 3 |  4- 6 |  7- 9 | 10-12 | 13-15 || total
---------------------------+-------+-------+-------+-------+-------++-------
  Melee: Falchion          |   121 |    79 |   606 |   437 |       ||  1243
         Bite              |     8 |    13 |    80 |   124 |   153 ||   378
         Punch             |     2 |       |     9 |    13 |       ||    24
         Scimitar          |       |       |       |   415 |   185 ||   600
         Unarmed           |       |       |       |    10 |       ||    10
         Great sword       |       |       |       |       |   853 ||   853
         Triple sword      |       |       |       |       |    70 ||    70
  Throw: Stone             |       |       |     3 |     1 |     7 ||    11
         Throwing net      |       |       |       |       |     3 ||     3
 Invoke: Berserk           |     1 |     4 |     4 |    10 |     8 ||    27
         Trog's Hand       |       |     1 |     1 |     8 |    19 ||    29
         Brothers in Arms  |       |       |       |       |     3 ||     3
Ability: Exsanguinate      |       |       |       |       |     1 ||     1
  Evoke: Wand              |       |       |       |     8 |     1 ||     9
    Use: Scroll            |     5 |     1 |    13 |    10 |    12 ||    41
         Potion            |       |       |       |     4 |     3 ||     7
   Stab: Sleeping          |     1 |       |       |       |       ||     1
         Paralysed         |       |       |       |     6 |       ||     6
         Held in net/web   |       |       |       |       |     3 ||     3
 Armour: Animal skin       |    43 |       |       |       |       ||    43
         Leather armour    |    17 |       |       |       |       ||    17
         Ring mail         |     9 |    11 |       |       |       ||    20
         Chain mail        |       |    39 |   391 |   585 |   602 ||  1617
         Skin              |       |       |       |     2 |       ||     2
         Storm dragon scal |       |       |       |       |    67 ||    67
  Dodge: Dodged            |   121 |    49 |   558 |   820 |   988 ||  2536
  Block: Buckler           |       |       |       |    24 |    16 ||    40
